 Dungeon Crawl Stone Soup version 0.32-a0-918-g0f22ef8d61 (webtiles) character file.

Game seed: 1852700473848553861

15 smashvw the Chopper (level 2, -4/40 HPs)
             Began as a Minotaur Berserker on Apr 11, 2024.
             Was a Follower of Trog.
             Slain by a gnoll
             ... wielding a +0 spear
              (10 damage)
             ... on level 2 of the Dungeon.
             The game lasted 00:01:52 (930 turns).

smashvw the Chopper (Minotaur Berserker)             Turns: 930, Time: 00:01:52

Health: -4/40      AC:  2    Str: 21    XL:     2   Next: 34%
Magic:  1/1        EV: 11    Int: 10    God:    Trog [*.....]
Gold:   81         SH:  5    Dex:  9    Spells: 1/1 levels left

rFire   . . .        a - +0 hand axe
rCold   . . .        (no shield)
rNeg    . . .        b - +0 animal skin
rPois   .            (helmet restricted)
rElec   .            (no cloak)
rCorr   .            (no gloves)
SInv    .            (no boots)
Will    .....        c - amulet of reflection Stlth
                     i - +6 ring of intelligence
HPRegen 0.26/turn    (no ring)
MPRegen 0.07/turn

%: reflection
@: berserking, very quick
A: horns 2, retaliatory headbutt
a: Renounce Religion, Berserk


You were on level 2 of the Dungeon.
You worshipped Trog.
Trog was aware of your devotion.
You visited 1 branch of the dungeon, and saw 2 of its levels.

You collected 81 gold pieces.

Inventory:

Hand Weapons
 a - a +0 hand axe (weapon)
Armour
 b - a +0 animal skin (worn)
Jewellery
 c - an amulet of reflection (around neck)
 i - a +6 ring of intelligence (left hand)
Scrolls
 d - a scroll of teleportation {unknown}
 f - a scroll of poison {unknown}
 l - a scroll of identify {unknown}
Potions
 e - 2 potions of experience {unknown}
 g - a potion of curing {unknown}
 h - 3 potions of attraction {unknown}
 j - a potion of brilliance {unknown}
 k - a potion of enlightenment {unknown}


   Skills:
 + Level 4.1 Fighting
 + Level 4.1 Axes
 - Level 2.4 Armour
 - Level 2.1 Dodging


You had one spell level left.
You didn't know any spells.
Your spell library was empty.

Dungeon Overview and Level Annotations

Branches:
Dungeon (2/15)

Altars:

Annotations:
D:2 Jessica


Innate Abilities, Weirdness & Mutations

You have a pair of horns on your head.
You reflexively headbutt those who attack you in melee.


Message History

No target in view!
There is an open door here.
You see here a giant cockroach corpse.
You open the door.
There is an open door here.
Found 9 stones.
Found a stone staircase leading down.
k - a glowing dark potion You now have 81 gold pieces (gained 9).
Found a stone staircase leading up.
Found an escape hatch in the ceiling.
There is an escape hatch in the ceiling here.
Found 5 stones.
You see here 5 stones.
l - a scroll labelled CEUSHUNTOASU Jessica the Apprentice Sorceress comes into view.
She is wielding a +0 dagger and wearing a +2 robe of fire resistance.
Jessica shouts!
Jessica shouts, "Stop bothering me, or I'll kill you!"
A gnoll comes into view. It is wielding a +0 spear.
A gnoll comes into view.
It is wielding a +0 club and quivering a throwing net.
A gnoll comes into view. It is wielding a +0 club.
The gnoll shouts! x2
Jessica gestures at you while chanting. Pain shoots through your body!
The gnoll shouts!
Jessica mumbles some strange words.
Jessica blinks!
Jessica casts a spell at you. Pain shoots through your body!
* * * LOW HITPOINT WARNING * * *
A red film seems to cover your vision as you go berserk!
You feel yourself moving faster!
You feel mighty!
Jessica says, "I'm really upset."
The gnoll closely misses you.
You feel a strong urge to attack something.
The gnoll hits you with a +0 spear.
* * * LOW HITPOINT WARNING * * *
You barely miss the gnoll. You barely miss the gnoll.
The gnoll hits you with a +0 spear!
You die...

..###.# #.########....
.>..... #.....##.#
#...##.### .######
#.....##.# #.#.##.#
.##### #.#.....##.#
#.#....# .....#
..+.....##.# #.######
.###.# #.# ..g.##.#
#.####.# .# #.# #.#
@g. #.# #......# .#
#.# #.# #g# #.#
####...# .# #.# #.#
#@# #.# #.### ## #.#
#.# #.# #.# #.#
#.######.# #.# #.####
#.# #.#......# #.#
#....# #.#
####.#.###..# #.#
####.# #.# .......#
#..# #.######.# #.#
####.#####..#
#........# #.#
#........#############
#.#
#######.............#
#.#


You could see 3 gnolls and Jessica.

Vanquished Creatures
  2 bats
  2 giant cockroaches
  2 kobolds (D:1)
  A quokka (D:1)
  4 ball pythons
  2 frilled lizards (D:2)
  3 rats (D:1)
16 creatures vanquished.

Notes
Turn   | Place    | Note
-------+----------+-------------------------------------------
     0 | D:1      | smashvw the Minotaur Berserker began the quest for the Orb.
     0 | D:1      | Reached XP level 1. HP: 19/19 MP: 0/0
   192 | D:1      | Reached XP level 2. HP: 27/27 MP: 1/1
   921 | D:2      | Noticed Jessica
   930 | D:2      | Slain by a gnoll

Illustrated notes

Levels and vault maps discovered:
D:1:      matt_arrival_grand_opening, layout_rooms,
          chequers_serial_rivers_small_3
D:2:      layout_basic, uniq_jessica

Skill      XL: |  1 |
---------------+----+-----
Fighting       | 4 |  4.1
Axes           | 4 |  4.1
Armour         | |  2.4
Dodging        | |  2.1

Action                     || total
---------------------------++-------
  Melee: Hand axe          ||    31
         Headbutt          ||     5
 Invoke: Berserk           ||     1
 Armour: Animal skin       ||    25
  Dodge: Dodged            ||    22
  Block: Other             ||     2

Table legend: (Time is in decaauts)
 A = Elapsed time spent in this place.
 B = Non-inter-level travel time spent in this place.
 C = Inter-level travel time spent in this place.
 D = Time resting spent in this place.
 E = Time spent auto-exploring this place.
 F = Levels seen in this place.
 G = Mean time per level.
                   A        B        C        D        E       F      G
               +--------+--------+--------+--------+--------+-----+--------+
         Total |    937 |    926 |     11 |      0 |    812 |   2 |  468.5 |
       Dungeon |    937 |    926 |     11 |      0 |    812 |   2 |  468.5 |
               +--------+--------+--------+--------+--------+-----+--------+

Top non-repeatable levels by time:
     D:1: 498 daAuts
     D:2: 438 daAuts
